 Dungeon Crawl Stone Soup version 0.18.1-48-g4cf74bf (webtiles) character file.

105 Gargoyl the Skirmisher (level 4, -8/38 HPs)
             Began as a Demonspawn Abyssal Knight on Aug 14, 2016.
             Was a Believer of Lugonu.
             Killed from afar by loom's ghost (18 damage)
             ... with an orb of energy
             ... on level 3 of the Dungeon.
             The game lasted 00:04:15 (2230 turns).

Gargoyl the Skirmisher (Demonspawn Abyssal Knight)  Turns: 2230, Time: 00:04:15

Health: -8/38      AC:  6    Str: 16    XL:     4   Next: 53%
Magic:  6/6        EV: 11    Int: 19    God:    Lugonu [**....]
Gold:   93         SH:  0    Dex: 12    Spells: 0 memorised, 3 levels left

rFire  . . .     SeeInvis .     d - +5 battleaxe of Joyful Slaughter {chop, rC+ Str+3}
rCold  + . .     Gourm    .     l - +0 ring mail
rNeg   . . .     Faith    .     (shield currently unavailable)
rPois  .         Spirit   .     (no helmet)
rElec  .         Dismiss  .     (no cloak)
rCorr  .         Reflect  .     (no gloves)
SustAt .         Harm     .     (no boots)
MR     .....                    (no amulet)
Stlth  +.........               (no ring)
                                (no ring)

@: brilliant, flying, not resistant to hostile enchantments, very unstealthy
A: hooves 1, rugged brown scales 1
a: Depart the Abyss, Bend Space, Renounce Religion


You were on level 3 of the Dungeon.
You worshipped Lugonu.
Lugonu was pleased with you.
You were hungry.

You visited 1 branch of the dungeon, and saw 3 of its levels.
You visited the Abyss 1 time.

You collected 93 gold pieces.

Inventory:

Hand Weapons
 a - a +1 hand axe
 d - the +5 battleaxe of Joyful Slaughter (weapon) {chop, rC+ Str+3}
   (You found it on level 2 of the Abyss)

   It inflicts extra damage upon your enemies.
   It affects your strength (+3).
   It protects you from cold.
Armour
 l - a +0 ring mail (worn)
Scrolls
 e - a scroll of remove curse {unknown}
 g - 3 scrolls of identify {unknown}
 h - a scroll of immolation {unknown}
Comestibles
 c - 4 bread rations
 f - 3 fruits
 j - a beef jerky
 o - a slice of pizza
 r - 4 chunks of flesh


   Skills:
 + Level 4.0 Fighting
 + Level 2.9 Axes
 + Level 2.1 Armour
 + Level 1.5 Dodging
 + Level 2.7 Invocations


You had 3 spell levels left.
You didn't know any spells.

Dungeon Overview and Level Annotations

Branches:
Dungeon (3/15)

Altars:
The Shining One

Annotations:
D:3 loom's ghost, amateur DECj


Innate Abilities, Weirdness & Mutations

You have large cloven feet.
You are partially covered in rugged brown scales (AC +1, +3% HP).


Message History

You feel very buoyant.
You fly up into the air.
Loom's ghost barely misses you.
Drink which item? (? for menu, Esc to quit)
It was a potion of curing.
You feel better. Loom's ghost closely misses you.
Drink which item? (? for menu, Esc to quit)
It was a potion of brilliance.
You feel clever all of a sudden. Loom's ghost hits you.
Loom's ghost points at you and mumbles some strange words.
The magic dart hits you!
* * * LOW HITPOINT WARNING * * *
You see here a hand axe.
Things that are here:
a dagger; a robe You see here 4 gold pieces.
Things that are here:
a mace of crushing; a leather armour Loom's ghost gestures at you while chanting.
The orb of energy hits you!
You die...

#...# #.....# ##......... #...#
#.....#..# #....)....
#...#######.....#..+ +.........
#...............#..# #.........
###.............#..#####.........
#......)).#####................
#######.)$)W....# #............
####.##.##.#.###............
.....##.#..@...#............
...........#.#.#............
#....###.....................
#.... #.#.##................
##### #.#.####..###.#..<..##
#.#.####..............
#.#.............##..##
#############.####.... #.# #..##


You could see loom's ghost.

Vanquished Creatures
  An orc wizard (D:3)
  An adder (D:2)
  An ooze (D:3)
  4 worms (D:2)
  A giant gecko (D:1)
  3 orcs (D:3)
  3 giant cockroaches
  5 goblins
  4 hobgoblins (D:2)
  3 jackals (D:2)
  6 kobolds
  A ball python (D:3)
  7 bats
  6 giant newts
  6 rats
52 creatures vanquished.

Notes
Turn   | Place    | Note
--------------------------------------------------------------
     0 | Abyss:1  | Gargoyl the Demonspawn Abyssal Knight began the quest for the Orb.
     0 | Abyss:1  | Reached XP level 1. HP: 18/18 MP: 2/2
    52 | Abyss:2  | Got a fine battleaxe
    53 | D:1      | Escaped the Abyss
    54 | D:1      | Identified the +5 battleaxe of Joyful Slaughter {chop, rC+ Str+3} (You found it on level 2 of the Abyss)
   159 | D:1      | Reached * piety under Lugonu
   292 | D:1      | Gained mutation: You have large cloven feet. [demonic ancestry]
   292 | D:1      | Reached XP level 2. HP: 24/24 MP: 4/4
   602 | D:1      | Reached skill level 1 in Dodging
  1171 | D:2      | Gained mutation: You are partially covered in rugged brown scales (AC +1, +3% HP). [demonic ancestry]
  1171 | D:2      | Reached XP level 3. HP: 12/29 MP: 5/5
  1697 | D:2      | Reached ** piety under Lugonu
  1754 | D:2      | Found a glowing golden altar of the Shining One.
  2054 | D:3      | Reached XP level 4. HP: 37/38 MP: 6/6
  2062 | D:3      | Noticed loom's ghost (amateur DECj)
  2199 | D:3      | Reached skill level 4 in Fighting
  2230 | D:3      | Killed from afar by loom's ghost

Skill      XL: |  1  2  3  4 |
---------------+-------------+-----
Dodging        | 1 |  1.5
Axes           | 2 |  2.9
Armour         | 2 |  2.1
Fighting       | 4 |  4.0
Invocations    | |  2.7

Action                   |  1- 3 |  4- 6 || total
-------------------------+-------+-------++-------
Melee: Battleaxe         |    96 |    18 ||   114
       Kick              |    10 |     7 ||    17
Invok: Depart the Abyss  |     1 |       ||     1
       Bend Space        |       |     1 ||     1
  Use: Potion            |       |     8 ||     8
  Eat: Chunk             |     4 |       ||     4
Armor: Leather armour    |    27 |       ||    27
       Ring mail         |    17 |    12 ||    29
Dodge: Dodged            |    73 |    20 ||    93
